 Dungeon Crawl Stone Soup version 0.17.1-1-g73c8601 (webtiles) character file.

13401 Implojin the Grappler (level 11, -3/111 HPs)
             Began as a Troll Fighter on Mar 31, 2016.
             Was an Elder of Okawaru.
             Slain by a blue devil (18 damage)
             ... in an ice cave.
             The game lasted 00:28:24 (5233 turns).

Implojin the Grappler (Troll Fighter)               Turns: 5233, Time: 00:28:24

Health: -3/111     AC:  7    Str: 26    XL:     11   Next: 75%
Magic:  13/17      EV: 12    Int:  4    God:    Okawaru [****..]
Gold:   362        SH: 11    Dex: 12    Spells: 0 memorised, 10 levels left

rFire  . . .     SeeInvis .       - Unarmed
rCold  . . .     Clarity  .     a - +0 robe
rNeg   . . .     SustAt   .     b - +0 shield
rPois  +         Gourm    +     (helmet restricted)
rElec  .         Spirit   .     k - +1 cloak
rCorr  .         Warding  .     (gloves unavailable)
rMut   .         Stasis   .     (boots unavailable)
MR     +....                    (no amulet)
Stlth  ++........               y - ring of poison resistance
                                L - ring of protection from magic

@: heroism, finesse, somewhat resistant to hostile enchantments, unstealthy
A: unfitting armour, claws 3, fast metabolism 3, gourmand, regeneration 2,
shaggy fur 1, tough skin 2
a: Heroism, Renounce Religion


You were in an ice cave.
You worshipped Okawaru.
Okawaru was greatly pleased with you.
You were not hungry.

You visited 3 branches of the dungeon, and saw 18 of its levels.
You also visited: Sewer and Ice Cave.

You collected 362 gold pieces.

Inventory:

Hand Weapons
 n - a +0 blowgun
Missiles
 o - 12 curare-tipped needles
 t - a throwing net
 F - 4 large rocks (quivered)
 I - 3 steel javelins
Armour
 a - a +0 robe (worn)
 b - a +0 shield (worn)
 k - a +1 cloak (worn)
Magical Staves
 l - an uncursed staff of cold
Jewellery
 y - a ring of poison resistance (right claw)
 D - an uncursed ring of flight
 L - a ring of protection from magic (left claw)
Wands
 e - a wand of paralysis (8)
 q - a wand of digging (14)
 x - a wand of fireball (9)
 B - a wand of hasting (5)
 E - a wand of teleportation (9)
 H - a wand of slowing (30)
 K - a wand of disintegration (9)
Scrolls
 g - a scroll of remove curse
 m - 5 scrolls of teleportation
 s - a scroll of noise
 A - a scroll of recharging
Potions
 c - a potion of might
 f - a potion of ambrosia
 h - 2 potions of invisibility
 i - 5 potions of heal wounds
 j - 4 potions of curing
 p - a potion of brilliance
 r - a potion of degeneration
 u - a potion of agility
 v - a potion of cure mutation {unknown}
 w - a potion of magic {unknown}
 M - a potion of haste {unknown}
Books
 C - a book of Party Tricks

   Spells                             Type                      Level
   a - Summon Butterflies             Summoning                    1
   b - Apportation                    Translocation                1
   c - Tukima's Dance                 Hexes                        3
   d - Alistair's Intoxication        Transmutation/Poison         4
   e - Invisibility                   Hexes                        6
Comestibles
 d - 8 bread rations
 z - 2 royal jellies
 G - 4 meat rations


   Skills:
 * Level 8.2(13.2) Fighting
 - Level 2.4(7.4) Dodging
 - Level 2.4(7.4) Shields
 - Level 12.5(17.5) Unarmed Combat
 - Level 10.0 Invocations


You had 10 spell levels left.
You didn't know any spells.

Dungeon Overview and Level Annotations

Branches:
Dungeon (12/15)            Temple (1/1) D:4            Lair (5/8) D:9
  Swamp: Lair:3-6    Shoals: Lair:3-6     Snake: Lair:3-6    Spider: Lair:3-6
    Orc: D:9-12

Altars:
Ashenzari
Dithmenos
Elyvilon
Fedhas
Gozag
Nemelex Xobeh
Okawaru
Qazlal
Ru
Vehumet
Xom
Yredelemnul
Zin
The Shining One

Annotations:
Lair:4 exclusion: oklob plant


Innate Abilities, Weirdness & Mutations

You are too large for most types of armour.
You have claws for hands.
Your metabolism is lightning-fast.
You like to eat raw meat.
You heal very quickly.
You are covered in fur (AC +1).
You have very tough skin (AC +2).


Message History

The blue devil is severely wounded.
You block the blue devil's attack.
You closely miss the blue devil.
The blue devil is severely wounded.
You mangle the blue devil!!
You kill the blue devil!
Okawaru accepts your kill.
The blue devil swoops through the air toward you!
The blue devil hits you!
* * * LOW HITPOINT WARNING * * *
You scratch the blue devil but do no damage.
Unknown command.
You claw the blue devil!
The blue devil is moderately wounded.
Unknown command.
You barely miss the blue devil.
The blue devil is moderately wounded.
The blue devil closely misses you.
A blue devil comes into view.
You scratch the blue devil but do no damage.
The blue devil is moderately wounded.
You scratch the blue devil.
The blue devil is heavily wounded.
The blue devil swoops through the air toward you!
You block the blue devil's attack.
You mangle the blue devil!!
The blue devil is almost dead.
You block the blue devil's attack.
You scratch the blue devil but do no damage.
The blue devil is almost dead.
You barely miss the blue devil.
The blue devil is almost dead.
The blue devil hits you!
* * * LOW HITPOINT WARNING * * *
Read which item? (? for menu, Esc to quit)
Okay, then.
You closely miss the blue devil.
The blue devil is almost dead.
The blue devil hits you!!
You die...

.§.... ..§..§# #
.....§§## .# #...§§§§#
... #..§§§.####..#
#§§.§§..4.##.
#§......... # ##@......#
### ###.44###### ###..
##...### ####....
##...###########.......
##....#[§§##.........#..
#..###[§§.........#.###.
#...##.§§.§##..###### ##
##..####§...##...# #
###...###.###...#


You could see 3 blue devils.

Vanquished Creatures
  Erica (D:8)
  The ghost of adamhnan the Thaumaturge, a journeyman GrFE of Vehumet (D:10)
  The ghost of Implojin the Grappler, a novice TrMo (D:7)
  A hill giant (D:11)
  A manticore (D:11)
  2 ugly things (D:11)
  2 centaur zombies
  A cyclops (D:11)
  2 ice statues (IceCv)
  5 spiny frogs
  6 blue devils (IceCv)
  2 blink frogs (Lair:1)
  2 wyverns (D:9)
  4 yaks (Lair:3)
  2 hippogriffs (D:9)
  A water moccasin (Lair:1)
  Edmund (Temple)
  3 wolves (Lair:3)
  A porcupine (Lair:4)
  A black bear (D:6)
  6 ogres
  An orc warrior (D:6)
  A phantom (D:5)
  A centaur (D:9)
  An ice beast (D:9)
  A crocodile (Lair:3)
  A brain worm (D:11)
  A gnoll sergeant (D:6)
  7 giant frogs
  5 killer bees
  4 wights
  A scorpion (D:4)
  9 hounds
  6 crimson imps
  3 orc priests
  A centaur skeleton (D:6)
  A giant frog zombie (D:7)
  8 orc wizards
  A giant frog skeleton (D:5)
  Terence (D:2)
  2 iguanas
  6 worker ants
  2 hound zombies
  8 adders
  22 gnolls
  15 river rats
  A shadow imp (D:10)
  17 white imps
  6 ufetubi (IceCv)
  2 adder skeletons (D:8)
  An adder zombie (D:8)
  31 orcs
  3 giant cockroaches
  7 hobgoblins
  6 quokkas
  3 ball pythons (Sewer)
  A giant gecko skeleton (D:8)
  5 giant newts
  A goblin (D:2)
  18 jackals
  A jackal zombie (D:6)
  6 kobolds
  A quokka skeleton (D:7)
  4 rats
  A plant (Sewer)
270 creatures vanquished.

Vanquished Creatures (others)
  A white imp (IceCv)
  An ufetubus (IceCv)
2 creatures vanquished.

Grand Total: 272 creatures vanquished

Notes
Turn   | Place    | Note
--------------------------------------------------------------
     0 | D:1      | Implojin the Troll Fighter began the quest for the Orb.
     0 | D:1      | Reached XP level 1. HP: 22/22 MP: 0/0
   211 | D:2      | Reached XP level 2. HP: 29/29 MP: 1/1
   231 | D:2      | Reached skill level 3 in Unarmed Combat
   246 | D:2      | Noticed Terence
   254 | D:2      | Killed Terence
   254 | D:2      | Reached XP level 3. HP: 32/36 MP: 2/2
   331 | D:3      | Found a stormy altar of Qazlal.
   358 | D:4      | Reached skill level 4 in Unarmed Combat
   366 | D:4      | Reached XP level 4. HP: 25/44 MP: 3/3
   471 | D:4      | Found a basalt altar of Yredelemnul.
   564 | D:4      | Reached skill level 5 in Unarmed Combat
   564 | D:4      | Reached XP level 5. HP: 42/50 MP: 4/4
   595 | D:4      | Noticed a scorpion
   639 | D:4      | HP: 2/50 [scorpion (2)]
   657 | D:5      | Entered Level 5 of the Dungeon
   721 | D:5      | Noticed an ogre
   729 | D:6      | Noticed a black bear
   741 | D:5      | Reached skill level 6 in Unarmed Combat
   758 | D:5      | Killed an ogre
   758 | D:5      | Reached XP level 6. HP: 56/59 MP: 5/5
   808 | D:5      | You fall through a shaft for 2 floors!
   919 | D:7      | Reached skill level 7 in Unarmed Combat
  1040 | D:5      | Reached XP level 7. HP: 40/66 MP: 6/6
  1097 | D:5      | Reached skill level 8 in Unarmed Combat
  1117 | D:5      | Found a glowing drain.
  1133 | D:5      | Noticed a phantom
  1135 | Sewer    | Entered a sewer
  1429 | D:5      | Killed a phantom
  1498 | D:6      | Noticed an ogre
  1505 | D:6      | Killed an ogre
  1505 | D:6      | Reached skill level 9 in Unarmed Combat
  1557 | D:7      | Noticed Implojin's ghost (novice TrMo)
  1591 | D:7      | Killed Implojin's ghost
  1591 | D:7      | Reached skill level 10 in Unarmed Combat
  1591 | D:7      | Reached XP level 8. HP: 30/74 MP: 7/7
  1707 | D:7      | Found an opulent altar of Gozag.
  1859 | D:6      | Killed a black bear
  1859 | D:6      | Reached skill level 11 in Unarmed Combat
  1923 | D:6      | Noticed an orc warrior
  1929 | D:6      | Killed an orc warrior
  2028 | D:6      | Reached XP level 9. HP: 64/80 MP: 8/8
  2332 | D:4      | Found a white marble altar of Elyvilon.
  2332 | D:4      | Found a glowing silver altar of Zin.
  2332 | D:4      | Found a glowing golden altar of the Shining One.
  2360 | D:4      | Noticed Edmund
  2368 | D:4      | Found a staircase to the Ecumenical Temple.
  2377 | Temple   | Entered the Ecumenical Temple
  2399 | Temple   | Became a worshipper of Warmaster Okawaru
  2408 | Temple   | Killed Edmund
  2408 | Temple   | Reached skill level 12 in Unarmed Combat
  2495 | D:4      | Killed a scorpion
  2616 | D:5      | Noticed an ogre
  2632 | D:5      | Killed an ogre
  2823 | D:8      | Noticed Erica
  2835 | D:8      | Killed Erica
  2835 | D:8      | Reached * piety under Okawaru
  2835 | D:8      | Reached skill level 4 in Invocations
  2935 | D:10     | Entered Level 10 of the Dungeon
  2981 | D:9      | Reached skill level 5 in Invocations
  3033 | D:10     | Found a shadowy altar of Dithmenos.
  3049 | D:10     | Noticed a centaur zombie
  3061 | D:10     | Killed a centaur zombie
  3061 | D:10     | Reached ** piety under Okawaru
  3138 | D:10     | Reached skill level 6 in Invocations
  3138 | D:10     | Reached XP level 10. HP: 71/88 MP: 13/13
  3212 | D:10     | Noticed adamhnan's ghost (journeyman GrFE)
  3230 | D:10     | Killed adamhnan's ghost
  3231 | D:10     | Reached skill level 7 in Invocations
  3434 | D:11     | Noticed a hill giant
  3443 | D:11     | Killed a hill giant
  3515 | D:11     | Reached skill level 8 in Invocations
  3574 | D:11     | Reached *** piety under Okawaru
  3582 | D:11     | Noticed a cyclops
  3592 | D:11     | Killed a cyclops
  3652 | D:11     | Noticed a cyan ugly thing
  3653 | D:11     | Noticed a purple ugly thing
  3666 | D:11     | Killed a cyan ugly thing
  3666 | D:11     | Reached skill level 9 in Invocations
  3671 | D:11     | Killed a purple ugly thing
  3679 | D:11     | Found a labyrinth entrance.
  3779 | D:11     | Noticed a manticore
  3785 | D:11     | Killed a manticore
  3790 | D:11     | Reached skill level 10 in Invocations
  4015 | D:9      | Reached **** piety under Okawaru
  4096 | D:8      | Reached skill level 3 in Fighting
  4326 | D:8      | Reached XP level 11. HP: 97/97 MP: 17/17
  4439 | D:9      | Found a staircase to the Lair.
  4444 | Lair:1   | Entered Level 1 of the Lair of Beasts
  4453 | Lair:1   | Reached skill level 4 in Fighting
  4514 | Lair:2   | Received a gift from Okawaru
  4514 | Lair:2   | Reached skill level 5 in Fighting
  4630 | Lair:3   | Reached skill level 6 in Fighting
  4779 | Lair:4   | Found a shimmering altar of Xom.
  4858 | Lair:4   | Reached ***** piety under Okawaru
  4954 | Lair:4   | Found a frozen archway.
  4999 | IceCv    | Entered an ice cave
  5025 | IceCv    | Reached skill level 7 in Fighting
  5097 | IceCv    | Identified a scroll of acquirement
  5210 | IceCv    | Reached skill level 8 in Fighting
  5233 | IceCv    | Slain by a blue devil

Action                   |  1- 3 |  4- 6 |  7- 9 | 10-12 || total
-------------------------+-------+-------+-------+-------++-------
Melee: Unarmed           |    42 |   141 |   344 |   342 ||   869
 Fire: Blowgun           |       |       |     3 |       ||     3
Invok: Heroism           |       |       |       |    13 ||    13
       Finesse           |       |       |       |     1 ||     1
Evoke: Wand              |       |       |       |     1 ||     1
  Use: Scroll            |       |     3 |     4 |    12 ||    19
       Potion            |       |     2 |     1 |       ||     3
 Stab: Sleeping          |       |       |       |     2 ||     2
  Eat: Chunk             |       |    11 |    18 |    22 ||    51

Table legend:
 A = Turns spent in this place as a percentage of turns spent in the entire game.
 B = Non-inter-level travel turns spent in this place as a percentage of non-inter-level travel turns spent in the entire game.
 C = Inter-level travel turns spent in this place as a percentage of turns spent in this place.
 D = Turns resting spent in this place as a percentage of non-inter-level travel turns spent in this place.
 E = Turns spent auto-exploring this place as a percentage of non-inter-level travel turns spent in this place.
 F = Non-inter-level travel turns spent in this place divided by the number of levels of this place that you've seen.
                   A       B       C       D       E      F
               +-------+-------+-------+-------+-------+----------------------
         Total | 100.0 | 100.0 |   0.0 |   0.0 |   0.0 | 260.5
       Dungeon |  78.9 |  78.9 |   0.0 |   0.0 |   0.0 | 342.7
        Temple |   1.0 |   1.0 |   0.0 |   0.0 |   0.0 |  53.0
          Lair |  10.7 |  10.7 |   0.0 |   0.0 |   0.0 | 111.8
         Sewer |   5.0 |   5.0 |   0.0 |   0.0 |   0.0 | 263.0
      Ice Cave |   4.3 |   4.3 |   0.0 |   0.9 |   0.0 | 224.0
               +-------+-------+-------+-------+-------+----------------------

Table legend:
 A = Kills in this place as a percentage of kills in entire the game.
 B = Kills by you in this place as a percentage of kills by you in the entire game.
 C = Kills by friends in this place as a percentage of kills by friends in the entire game.
 D = Other kills in this place as a percentage of other kills in the entire game.
 E = Experience gained in this place as a percentage of experience gained in the entire game.
 F = Experience gained in this place divided by the number of levels of this place that you have seen.
                   A       B       C       D       E      F
               +-------+-------+-------+-------+-------+----------------------
         Total | 100.0 | 100.0 |  -nan |  -nan | 100.0 | 957.2
       Dungeon |  69.5 |  69.5 |  -nan |  -nan |  59.3 | 945.4
        Temple |   0.4 |   0.4 |  -nan |  -nan |   0.9 | 164.0
          Lair |  16.7 |  16.7 |  -nan |  -nan |  25.1 | 962.8
         Sewer |   6.3 |   6.3 |  -nan |  -nan |   0.2 |  35.0
      Ice Cave |   7.1 |   7.1 |  -nan |  -nan |  14.6 | 2787.0
               +-------+-------+-------+-------+-------+----------------------
